 Dungeon Crawl Stone Soup version 0.28.0-47-ge53b351184 (webtiles) character file.

Game seed: 162765363209144790

37 hawla the Scratcher (level 3, -1/15 HPs)
             Began as a Felid Transmuter on May 3, 2022.
             Slain by a gnoll
             ... wielding a +1 whip of venom
              (10 damage)
             ... on level 4 of the Dungeon.
             The game lasted 00:06:10 (2897 turns).

hawla the Scratcher (Felid Transmuter)              Turns: 2897, Time: 00:06:10

Health: -1/15      AC:  1    Str:  6    XL:     3   Next: 21%
Magic:  6/7        EV: 18    Int: 16    God:
Gold:   65         SH:  0    Dex: 16    Spells: 4/7 levels left
                                        Lives:  0   Deaths: 1

rFire   . . .      SeeInvis +     - Unarmed
rCold   . . .      Faith    .   (shield unavailable)
rNeg    . . .      Spirit   .   (armour unavailable)
rPois   .          Reflect  .   (helmet unavailable)
rElec   .          Harm     .   (cloak unavailable)
rCorr   .          Rampage  .   (gloves unavailable)
Will    .....                   (boots unavailable)
Stlth   ++........              (no amulet)
HPRegen 0.05/turn               (no ring)
MPRegen 0.10/turn               (no ring)

@: lethally poisoned (-1 -> -10), appendages, quick
A: horns 2, very small, claws 1, fangs 3, see invisible, speed 1, shaggy fur 1,
stealthy paws, no weapons or thrown items, no armour, multi-lived
a: End Transformation


You were on level 4 of the Dungeon.
You had temporarily grown beastly horns.
You visited 1 branch of the dungeon, and saw 4 of its levels.

You collected 65 gold pieces.

Inventory:

Scrolls
 a - a scroll of immolation
 c - 2 scrolls of identify
Potions
 b - a potion of magic


   Skills:
 + Level 1.1 Fighting
 + Level 3.2 Dodging
 + Level 1.0 Stealth
 + Level 3.7 Unarmed Combat
 + Level 2.5 Spellcasting
 + Level 3.2 Transmutations


You had 4 spell levels left.
You knew the following spells:

 Your Spells              Type           Power      Damage    Failure   Level
a - Beastly Appendage     Tmut           24%        N/A       5%          1
b - Wereblood             Tmut           12%        N/A       8%          2

Your spell library contained the following spells:

 Spells                   Type           Power      Damage    Failure   Level
 Animate Skeleton         Necr           4%         N/A       21%         1
 Apportation              Tloc           4%         N/A       21%         1
 Summon Small Mammal      Summ           8%         N/A       21%         1
 Spider Form              Tmut/Pois      7%         N/A       30%         3
 Ice Form                 Ice/Tmut       7%         N/A       69%         4


Dungeon Overview and Level Annotations

Branches:
Dungeon (4/15)
 Temple: D:4-7

Altars:
Sif Muna

Shops:
D:1 =:=   D:2 ?   D:3 [


Innate Abilities, Weirdness & Mutations

You have temporarily grown beastly horns.
You have sharp claws.
You have razor-sharp teeth.
You have supernaturally acute eyesight. (SInv)
You cover ground quickly. (Speed+)
You are covered in fur. (AC +1)
Your paws help you pounce on unaware monsters.
You are incapable of wielding weapons or throwing items.
You cannot wear armour.
You gain extra lives every three experience levels.


Message History

The gnoll hits you with a +1 whip of venom.
* * * LOW HITPOINT WARNING * * *
You are lethally poisoned!
You climb downwards.
You howl as the wereblood boils in your veins!
* * * LOW HITPOINT WARNING * * *
You feel very sick.
There is a stone staircase leading up here.
You closely miss the gnoll. Your headbutt misses the gnoll.
You die...
Your shape twists and changes as you die.
You feel sick.
The gnoll hits you with a +1 whip of venom.
You are more poisoned.
You are now level 3!
Your horns disappear.
You rejoin the land of the living...
Found a book of Cantrips, a scroll labelled NUC SEKABIOHEI and 4 gold pieces.
Press: ? - help, v - describe, . - travel, g - get item Item here: a book of Cantrips.
The floor.
You pick up a book of Cantrips and begin reading...
You add the spells Animate Skeleton, Summon Small Mammal and Apportation to your library.
Okay, then.
A gnoll is nearby!
Casting: Beastly Appendage (safe; 5% risk of failure)
Confirm with . or Enter, or press ? or * to list all spells.
You grow a pair of large bovine horns.
The gnoll barely misses you.
You scratch the gnoll.
You headbutt the gnoll, but do no damage.
The gnoll is moderately wounded.
The gnoll hits you with a +1 whip of venom.
You are lethally poisoned!
You scratch the gnoll but do no damage.
The gnoll is moderately wounded.
You feel very sick.
The gnoll hits you with a +1 whip of venom!
Ouch! That really hurt!
You die...

..... ##.......
#...#†g......
#...<)......
#####(...... ..
....... ....
....### .....
...##
#..?#######...#
#.......@g....#
#................
......#..........
.....###.......##
..... #.........#
.... ......##....
...........# ....
............ ...
....#....$.#


You could see a gnoll.

Vanquished Creatures
  2 adders (D:2)
  A worm (D:2)
  3 dart slugs
  3 orcs
  3 endoplasms
  10 goblins
  6 hobgoblins
  2 jackals (D:1)
  3 quokkas
  A ball python (D:1)
  2 bats
  5 frilled lizards
  6 kobolds
  2 rats
49 creatures vanquished.

Notes
Turn   | Place    | Note
-------+----------+-------------------------------------------
     0 | D:1      | hawla the Felid Transmuter began the quest for the Orb.
     0 | D:1      | Reached XP level 1. HP: 9/9 MP: 4/4
   177 | D:1      | Reached XP level 2. HP: 12/12 MP: 4/6
   251 | D:1      | Found Keborig's Jewellery Emporium.
   800 | D:1      | Found Kavoozxe's Book Emporium.
   806 | D:1      | Found Jodgh's Jewellery Boutique.
  1071 | D:1      | Found a faded altar of an unknown god.
  1257 | D:2      | Reached XP level 3. HP: 9/15 MP: 5/7
  1653 | D:2      | Found Irixkoatha's Magic Scroll Shoppe.
  2074 | D:2      | Reached XP level 4. HP: 19/19 MP: 8/8
  2077 | D:2      | Learned a level 2 spell: Wereblood
  2097 | D:3      | Found Sootyun's Antique Armour Shop.
  2157 | D:3      | Found a shimmering blue altar of Sif Muna.
  2689 | D:3      | Reached skill level 1 in Stealth
  2702 | D:3      | Identified the amulet "Imupifed" {rPois Regen+ Slay+2
                  | Stlth+}
  2885 | D:4      | Succumbed to a gnoll's poison
  2886 | D:4      | Reached XP level 3. HP: 0/15 MP: 6/7
  2897 | D:4      | Slain by a gnoll

Illustrated notes

Levels and vault maps discovered:
D:1:      lemuel_arrival_cross, layout_basic,
          chequers_ecumenical_altar_simple_redux, serial_shops, shop, shop,
          nicolae_shop_statue_plus, nrook_mini_backslash, minivault_24
D:2:      layout_basic, serial_shops, shop, minmay_ruptured
D:3:      layout_loops_ring, nicolae_sif_muna_little_library, serial_shops,
          nicolae_shop_overgrown_old_shop, item_on_display_a
D:4:      layout_cave_pools, general_overflow_altar,
          kennysheep_okawaru_gauntlet, ebering_ghost_reflecting_pool

Skill      XL: |  1  2  3  4 |
---------------+-------------+-----
Dodging        | 3 |  3.2
Transmutations | 3 |  3.2
Stealth        | 1 |  1.0
Fighting       | |  1.1
Unarmed Combat | |  3.7
Spellcasting   | |  2.5

Action                   |  1- 3 |  4- 6 || total
-------------------------+-------+-------++-------
Melee: Unarmed           |   102 |    28 ||   130
       Bite              |    10 |       ||    10
       Headbutt          |    13 |     5 ||    18
       Punch             |     2 |       ||     2
 Cast: Beastly Appendage |    24 |     7 ||    31
       Wereblood         |       |     1 ||     1
  Use: Scroll            |     2 |     3 ||     5
 Stab: Sleeping          |     1 |     1 ||     2
       Distracted        |     1 |       ||     1
Armor: Skin              |     8 |       ||     8
Dodge: Dodged            |    68 |    34 ||   102
